AoeStats
← tilmanv

Pilgrims

508302784Analyzed
4v4 RM · 11d ago on Sep 21, 2026· 29m 29s· 8 players
Game mode
Random Map
Map size
Large (8 player)
Population
200
Speed
Normal
Resources
Standard
Victory
Conquest
Starting age
Dark Age
Ending age
Imperial Age
RankedLock teamsTeams togetherTeam positionsShared explorationLock speedFull tech treeHidden civsTurbo modeCheats
Victory
Defeat
🇲🇽 Cumans · Mexico
1221
+12
🇩🇪 Italians · Germany
1195
+13
1146
+14
🇻🇳 Burgundians · Vietnam
1096
+38
🇨🇦 Japanese · Canada
1128
-14
🇲🇽 Armenians · Mexico
1123
-14
🇨🇦 Poles · Canada
1118
-14
🇩🇪 Bengalis · Germany
1093
-13
tilmanv
7:45 Loom
16:27 Feudal Age
18:07 Wheelbarrow
17:34 Double-Bit Axe
24:11 Castle Age
22:22 Fletching
23:20 Fishing Lines
25:05 Medium Warships
24:54 Bodkin Arrow
25:50 Bow Saw
25:52 Demolition Ship
GaboAlv
7:25 Loom
12:02 Feudal Age
14:27 Wheelbarrow
14:23 Double-Bit Axe
15:52 Town Watch
19:28 Castle Age
18:45 Scale Mail Armor
18:53 Man-at-Arms
20:36 Horse Collar
22:50 Long Swordsman
24:32 Two-Handed Swordsman
26:18 Pikeman
DrKaiser
9:02 Loom
11:49 Feudal Age
16:02 Double-Bit Axe
18:26 Castle Age
16:21 Horse Collar
19:57 Medium Warships
27:45 Forging
27:35 Scale Mail Armor
OUASO
10:10 Loom
13:17 Feudal Age
14:40 Wheelbarrow
14:02 Double-Bit Axe
20:27 Castle Age
18:54 Horse Collar
21:28 Forging
21:24 Scale Barding Armor
22:33 Husbandry
22:44 Bloodlines
26:03 Scale Mail Armor
25:58 Gold Mining
25:58 Stone Mining
美团外卖总教练
3:35 Loom
17:09 Feudal Age
18:27 Fishing Lines
19:02 Double-Bit Axe
19:08 Double-Bit Axe
24:40 Wheelbarrow
dango_daikazoku
7:07 Double-Bit Axe
10:00 Fishing Lines
10:32 Loom
15:20 Feudal Age
16:23 Wheelbarrow
19:16 Castle Age
17:52 Gold Mining
17:58 Stone Mining
19:16 Wheelbarrow
23:44 Fletching
24:47 Scale Mail Armor
24:46 Bodkin Arrow
25:22 Bow Saw
25:50 Gold Shaft Mining
29:09 Chain Mail Armor
tomeq
5:39 Loom
13:21 Feudal Age
14:38 Fletching
14:48 Padded Archer Armor
14:58 Double-Bit Axe
16:16 Gold Mining
19:29 Wheelbarrow
21:41 Castle Age
19:40 Stone Mining
23:06 Medium Warships
23:30 Bow Saw
23:29 Bodkin Arrow
25:28 Fishing Lines
26:14 Leather Archer Armor
27:11 Ballistics
28:11 Silk Road
29:19 Gillnets
mairlarabe
3:24 Loom
12:26 Feudal Age
13:01 Double-Bit Axe
15:06 Wheelbarrow
18:10 Castle Age
16:17 Fishing Lines
17:15 Gold Mining
18:25 Scale Barding Armor
18:30 Forging
19:06 Bloodlines
19:33 Chain Barding Armor
19:43 Hand Cart
20:32 Bow Saw
23:23 Town Watch
23:32 Gillnets
25:12 Iron Casting
Connection lost

Rejoining the realm…

Still unreachable

The connection could not be restored.

Session expired

The server has moved on; the page needs a fresh start.